 Dungeon Crawl Stone Soup version 0.23-a0-307-gc3b755d (webtiles) character file.

2468 GizzardofKazz the Grappler (level 9, -7/96 HPs)
             Began as a Troll Fighter on Oct 11, 2018.
             Was a Priest of Okawaru.
             Mangled by Harold
             ... wielding a +0 mace
              (23 damage)
             ... on level 7 of the Dungeon.
             The game lasted 00:17:07 (5401 turns).

GizzardofKazz the Grappler (Troll Fighter)          Turns: 5401, Time: 00:17:08

Health: -7/96      AC:  5    Str: 31    XL:     9   Next: 26%
Magic:  8/8        EV:  8    Int:  4    God:    Okawaru [***...]
Gold:   289        SH:  9    Dex:  9    Spells: 8/8 levels left

rFire    . . .     SeeInvis .     - Unarmed
rCold    . . .     Gourm    +   b - +0 shield
rNeg     . . .     Faith    .   a - +0 robe
rPois    .         Spirit   .   (helmet restricted)
rElec    .         Reflect  .   h - scarf {repulsion}
rCorr    .         Harm     .   (gloves unavailable)
MR       .....                  (boots unavailable)
Stlth    ++........             s - amulet of rage
HPRegen  0.66/turn              o - +2 ring of strength
MPRegen  0.11/turn              c - ring of stealth

@: repel missiles
A: large, unfitting armour, claws 3, fast metabolism 3, gourmand, regeneration
1, shaggy fur 1, tough skin 2
a: Heroism, Renounce Religion, Evoke Berserk Rage


You were on level 7 of the Dungeon.
You worshipped Okawaru.
Okawaru was most pleased with you.
You were very full.

You visited 1 branch of the dungeon, and saw 7 of its levels.
You also visited: Sewer and Ossuary.

You collected 399 gold pieces.
You spent 110 gold pieces at shops.

Inventory:

Armour
 a - a +0 robe (worn)
 b - a +0 shield (worn)
 h - a scarf of repulsion (worn)
Jewellery
 c - a ring of stealth (right claw)
 m - an uncursed ring of fire
 o - a +2 ring of strength (left claw)
 s - an amulet of rage (around neck)
Wands
 v - a wand of random effects (29)
Scrolls
 e - 10 scrolls of teleportation
 g - a scroll of enchant weapon
 l - 3 scrolls of amnesia
 p - 2 scrolls of fear
 q - 2 scrolls of fog
 x - 5 scrolls of identify
 y - 7 scrolls of remove curse
 z - 4 scrolls of immolation
 D - a scroll of enchant armour
 F - a scroll of magic mapping {unknown}
Potions
 f - 5 potions of curing
 i - 5 potions of haste
 j - 2 potions of magic {unknown}
 k - a potion of resistance {unknown}
 n - a potion of lignification
 r - 2 potions of flight
 t - 2 potions of agility
 u - 2 potions of invisibility {unknown}
 w - a potion of berserk rage {unknown}
 B - 2 potions of heal wounds {unknown}
 C - 4 potions of brilliance
 E - a potion of cancellation {unknown}
Comestibles
 d - 21 rations
 A - 4 chunks of flesh


   Skills:
 + Level 7.8 Fighting
 - Level 2.4 Dodging
 - Level 2.4 Shields
 + Level 9.1 Unarmed Combat


You had 8 spell levels left.
You didn't know any spells.
Your spell library contained the following spells:

 Spells                   Type           Power        Failure   Level  Hunger
 Freeze                   Ice            #...         93%         1    ##.....
 Throw Frost              Conj/Ice       #.....       98%         2    ###....
 Ozocubu's Armour         Chrm/Ice       #.......     100%        3    ####...
 Summon Ice Beast         Ice/Summ       #.......     100%        4    #####..
 Throw Icicle             Conj/Ice       #.......     100%        4    #####..


Dungeon Overview and Level Annotations

Branches:
Dungeon (7/15)             Temple (0/1) D:6

Altars:
Cheibriados
Hepliaklqana
Okawaru
Qazlal
Vehumet

Shops:
D:5 *

Annotations:
D:7 Harold


Innate Abilities, Weirdness & Mutations

You are too large for most types of armour.
You have claws for hands.
Your metabolism is lightning-fast.
You like to eat raw meat.
Your natural rate of healing is unusually fast.
You are covered in fur. (AC +1)
You have very tough skin. (AC +2)


Message History

Harold is lightly wounded.
You barely miss Harold.
Harold is lightly wounded.
Harold pauses a moment, imagining something with a smile on his face.
Harold hits you with a mace!
You claw Harold!
Harold is lightly wounded.
Harold barely misses you.
You claw Harold!
Harold is moderately wounded.
Harold hits you with a mace.
* * * LOW HITPOINT WARNING * * *
You scratch Harold but do no damage.
Harold is moderately wounded.
You claw Harold!
Harold is heavily wounded.
Harold hits you with a mace!!
* * * LOW HITPOINT WARNING * * *
You feel better. Harold hits you with a mace!!
You die...

#.# #.# #.# ##.#
#.# ##.# #.# ...#
##### #.#
######...##.# #.#
.......#.##.# #.#
######...##.# #@#
##.###.# #@#
#####.# #.# #.#
##...#.# #.# #.#
##......# #.# #.#
#.......###.####.#
.................#
....รท.......######
.......####.#
......## #.#


You could see Harold.

Vanquished Creatures
  Prince Ribbit (D:7)
  Sigmund (D:5)
  Eustachio (D:6)
  5 ice beasts
  A phantom (D:7)
  Blork the orc (D:5)
  A scorpion (D:7)
  2 howler monkeys
  A bullfrog zombie (D:7)
  A bullfrog skeleton (D:5)
  2 centaur skeletons
  A jelly (D:6)
  2 orc priests
  A human zombie (Ossuary)
  4 orc wizards
  2 iguanas (D:5)
  6 worker ants
  A big kobold zombie (Ossuary)
  3 mummies (Ossuary)
  2 hound zombies
  A howler monkey zombie (D:6)
  A gnoll (D:5)
  11 adders
  A river rat (D:3)
  3 shadow imps
  7 oozes
  An adder zombie (D:6)
  2 adder skeletons
  7 worms
  2 dart slugs
  10 leopard geckos
  16 orcs
  3 giant cockroaches
  4 goblins
  5 hobgoblins
  18 jackals
  7 kobolds
  2 quokkas
  3 ball pythons
  15 bats
  A gnoll zombie (Ossuary)
  A goblin zombie (Ossuary)
  2 hobgoblin zombies (Ossuary)
  2 jackal zombies (D:6)
  2 kobold zombies (Ossuary)
  5 rats
171 creatures vanquished.

Notes
Turn   | Place    | Note
-------+----------+-------------------------------------------
     0 | D:1      | GizzardofKazz the Troll Fighter began the quest for the
                  | Orb.
     0 | D:1      | Reached XP level 1. HP: 22/22 MP: 0/0
    62 | D:1      | Reached XP level 2. HP: 29/29 MP: 1/1
   457 | D:1      | Reached XP level 3. HP: 37/37 MP: 2/2
   623 | D:2      | Found an iron altar of Okawaru.
   639 | D:2      | Became a worshipper of Warmaster Okawaru
   659 | D:2      | Reached skill level 3 in Unarmed Combat
   983 | D:2      | Reached XP level 4. HP: 45/45 MP: 3/3
  1291 | D:3      | Found a hazy altar of Hepliaklqana.
  1621 | D:3      | Reached XP level 5. HP: 54/54 MP: 4/4
  1643 | D:3      | Reached skill level 4 in Unarmed Combat
  1653 | D:3      | Found a glowing drain.
  1659 | Sewer    | Entered a sewer
  2073 | Sewer    | Reached * piety under Okawaru
  2626 | D:4      | Found a sand-covered staircase.
  2631 | Ossuary  | Entered an ossuary
  2652 | Ossuary  | Reached XP level 6. HP: 48/62 MP: 5/5
  2847 | Ossuary  | Reached skill level 5 in Unarmed Combat
  3611 | D:5      | Entered Level 5 of the Dungeon
  3656 | D:5      | Noticed an ice beast
  3667 | D:5      | Killed an ice beast
  3667 | D:5      | Reached skill level 5 in Fighting
  3667 | D:5      | Reached XP level 7. HP: 28/72 MP: 6/6
  3783 | D:5      | Found a radiant altar of Vehumet.
  3801 | D:5      | Found Caxuss's Assorted Antiques.
  3806 | D:5      | Bought a twisted ivory ring for 110 gold pieces
  3817 | D:5      | Noticed a water elemental
  3819 | D:5      | Found a stormy altar of Qazlal.
  3822 | D:5      | Reached skill level 6 in Unarmed Combat
  3843 | D:5      | Noticed Blork the orc
  3850 | D:5      | Killed Blork the orc
  3856 | D:5      | Noticed a fire elemental
  3895 | D:5      | Noticed Sigmund
  3899 | D:5      | Killed Sigmund
  4036 | D:5      | Reached XP level 8. HP: 75/83 MP: 7/7
  4070 | D:5      | Reached skill level 7 in Unarmed Combat
  4127 | D:5      | Noticed an air elemental
  4149 | D:5      | Found a snail-covered altar of Cheibriados.
  4514 | D:6      | Noticed Eustachio
  4522 | D:6      | Killed Eustachio
  4525 | D:6      | Reached ** piety under Okawaru
  4628 | D:6      | Reached skill level 8 in Unarmed Combat
  4810 | D:6      | Found a staircase to the Ecumenical Temple.
  5030 | D:7      | Reached XP level 9. HP: 89/93 MP: 8/8
  5062 | D:7      | Reached *** piety under Okawaru
  5258 | D:7      | Noticed Prince Ribbit
  5284 | D:7      | Killed Prince Ribbit
  5284 | D:7      | Reached skill level 9 in Unarmed Combat
  5382 | D:7      | Noticed Harold
  5401 | D:7      | Mangled by Harold

Vault maps used:
D:1:      dpeg_arrival_windows_large_door
D:2:      overflow_temple_1_default, first_ration
D:3:      lemuel_crystal_altar, gup_sewer_entry_bubbles
D:4:      enter_ossuary_5
D:5:      kennysheep_slug_shrine, vehumet_crystals,
          nicolae_qazlal_style_of_elements, serial_shops, shop, minivault_27,
          grunt_decor_arrowhead, minmay_joined_circles, uniq_blork_the_orc,
          uniq_sigmund
D:6:      minmay_temple_entry_poolview, serial_undead, serial_undead_c,
          serial_undead_b, serial_undead_c, serial_undead_d, uniq_eustachio
D:7:      nicolae_overflow_hidden_temple, uniq_prince_ribbit1, uniq_harold
Sewer:    sewer_fruit_machine
Ossuary:  ossuary_crypta

Skill      XL: |  1  2  3  4  5  6  7  8  9 |
---------------+----------------------------+-----
Fighting       | 3 4 5 6 7 |  7.8
Unarmed Combat | 3 4 5 6 8 9 |  9.1
Dodging        | |  2.4
Shields        | |  2.4

Action                   |  1- 3 |  4- 6 |  7- 9 || total
-------------------------+-------+-------+-------++-------
Melee: Unarmed           |    90 |   240 |   180 ||   510
Invok: Heroism           |       |       |     1 ||     1
  Use: Potion            |       |     6 |     1 ||     7
       Scroll            |       |    12 |       ||    12
 Stab: Sleeping          |       |     2 |     2 ||     4
  Eat: Chunk             |    15 |    21 |    20 ||    56
Armor: Robe              |    28 |    77 |    38 ||   143
       Skin              |       |    13 |       ||    13
Dodge: Dodged            |    37 |    84 |    37 ||   158
       Deflected         |       |       |     3 ||     3
Block: Shield            |    38 |   126 |    59 ||   223

Table legend:
 A = Non-vault XP
 B = Vault XP
 C = Vault XP percentage of total XP
 D = Non-vault monster count
 E = Vault monster count
 F = Vault count percentage of total count
                 A         B        C        D         E       F
            +---------+---------+-------+---------+---------+-------
      Total |    2075 |    1451 |  41.2 |     107 |      64 |  37.4
            +---------+---------+-------+---------+---------+-------
        D:1 |      50 |       0 |   0.0 |      23 |       0 |   0.0
        D:2 |      67 |       0 |   0.0 |      13 |       0 |   0.0
        D:3 |     113 |      56 |  33.1 |      26 |       8 |  23.5
        D:4 |     123 |       0 |   0.0 |       6 |       0 |   0.0
        D:5 |     422 |     659 |  61.0 |       9 |      13 |  59.1
        D:6 |     476 |     258 |  35.1 |      20 |       7 |  25.9
        D:7 |     824 |     268 |  24.5 |      10 |       1 |   9.1
      Sewer |       0 |      84 | 100.0 |       0 |      24 | 100.0
    Ossuary |       0 |     126 | 100.0 |       0 |      11 | 100.0
            +---------+---------+-------+---------+---------+-------
